 Dungeon Crawl Stone Soup version 0.22-a0-398-g8bb545f (webtiles) character file.

211 emperorscorpion the Skirmisher (level 5, -8/47 HPs)
             Began as a Minotaur Fighter on May 4, 2018.
             Mangled by Duvessa
             ... wielding a +0 short sword
              (10 damage)
             ... on level 4 of the Dungeon.
             The game lasted 00:03:19 (697 turns).

emperorscorpion the Skirmisher (Minotaur Fighter)    Turns: 697, Time: 00:03:19

Health: -8/47      AC:  7    Str: 27    XL:     5   Next: 57%
Magic:  4/4        EV:  8    Int: 10    God:
Gold:   91         SH: 10    Dex:  9    Spells: 4/4 levels left

rFire    . . .     SeeInvis .   a - +0 war axe
rCold    . . .     Gourm    .   c - +0 shield
rNeg     . . .     Faith    .   b - +0 scale mail
rPois    .         Spirit   .   (helmet restricted)
rElec    .         Reflect  .   (no cloak)
rCorr    .         Harm     .   (no gloves)
MR       .....                  (no boots)
Stlth    ..........             (no amulet)
HPRegen  0.15/turn              (no ring)
MPRegen  0.09/turn              (no ring)

@: mighty, brilliant, flying (expiring)
A: retaliatory headbutt, horns 2
a: no special abilities


You were on level 4 of the Dungeon.
You were not hungry.

You visited 1 branch of the dungeon, and saw 5 of its levels.

You collected 91 gold pieces.

Inventory:

Hand Weapons
 a - a +0 war axe (weapon)
Missiles
 m - 16 poisoned needles
 u - 2 throwing nets (quivered)
Armour
 b - a +0 scale mail (worn)
 c - a +0 shield (worn)
Scrolls
 e - a scroll of enchant weapon {unknown}
 h - 4 scrolls of identify {unknown}
 k - a scroll of fear {unknown}
 l - a scroll of blinking {unknown}
 n - 3 scrolls of magic mapping {unknown}
 p - a scroll of random uselessness {unknown}
 r - a scroll of enchant armour {unknown}
 s - a scroll of fog {unknown}
 t - 2 scrolls of amnesia {unknown}
Potions
 i - a potion of flight
Comestibles
 f - 2 rations
 g - 11 chunks of flesh


   Skills:
 + Level 4.8 Fighting
 + Level 4.2 Axes
 + Level 4.6 Armour
 + Level 1.7 Dodging
 + Level 4.6 Shields


You had 4 spell levels left.
You didn't know any spells.

Dungeon Overview and Level Annotations

Branches:
Dungeon (5/15)
 Temple: D:4-7

Altars:

Annotations:
D:4 Duvessa


Innate Abilities, Weirdness & Mutations

You reflexively headbutt those who attack you in melee.
You have a pair of horns on your head.


Message History

You feel better. Something hits you.
* * * LOW HITPOINT WARNING * * *
You block something's attack.
You closely miss something. Your headbutt misses something.
You are starting to lose your buoyancy.
Something hits you!
* * * LOW HITPOINT WARNING * * *
Something hits you.
* * * LOW HITPOINT WARNING * * *
You feel better. You block something's attack.
You barely miss something. Something hits you.
* * * LOW HITPOINT WARNING * * *
Something hits you.
* * * LOW HITPOINT WARNING * * *
Okay, then.
Your shield prevents you from hitting something.
Something completely misses you. Something hits you.
* * * LOW HITPOINT WARNING * * *
You miss something. Something hits you but does no damage. Something hits you!
You die...

#.######
#..#
#......#
#..#
######.#
#..#
#.###.[##
#.......#
#.###...#
#.# #...#
#.# #...#
#.# #..@#
#.# ##).#
#.# #..#
#.# #...
##.## ...
..# ###


There were no monsters in sight!

Vanquished Creatures
  Dowan (D:4)
  An iguana (D:4)
  An orc wizard (D:4)
  A worker ant (D:4)
  3 gnolls (D:4)
  An adder (D:4)
  An ooze (D:4)
  A worm (D:4)
  2 leopard geckos
  7 orcs (D:4)
  2 bats
  A giant cockroach (D:1)
  2 hobgoblins (D:1)
  4 jackals (D:4)
  3 kobolds
  A ball python (D:4)
  3 frilled lizards
  A giant cockroach zombie (D:4)
  A jackal skeleton (D:4)
  A rat (D:1)
38 creatures vanquished.

Notes
Turn   | Place    | Note
-------+----------+-------------------------------------------
     0 | D:1      | emperorscorpion the Minotaur Fighter began the quest for the Orb.
     0 | D:1      | Reached XP level 1. HP: 19/19 MP: 0/0
    61 | D:1      | Reached XP level 2. HP: 13/27 MP: 1/1
   405 | D:4      | Reached XP level 3. HP: 28/33 MP: 2/2
   457 | D:4      | Reached XP level 4. HP: 25/41 MP: 3/3
   495 | D:4      | Reached skill level 1 in Dodging
   509 | D:5      | Entered Level 5 of the Dungeon
   671 | D:4      | Reached XP level 5. HP: 39/47 MP: 4/4
   678 | D:4      | Noticed Dowan
   680 | D:4      | Noticed Duvessa
   689 | D:4      | Killed Dowan
   693 | D:4      | HP: 2/47 [something (4)]
   697 | D:4      | Mangled by Duvessa

Vault maps used:
D:1:      dpeg_arrival_orchard, minivault_19
D:2:      grunt_temple_overflow_magic_moments, lemuel_doored_altar,
          gammafunk_temple_overflow_wave, minmay_misc_feat_room,
          kennysheep_potato
D:3:      hangedman_decor_opposing, serial_bayou_lake_a
D:4:      doesnt_xom_only_xom, serial_shops, shop, gup_sewer_entry_bowl,
          st_stairs_1, uniq_duvessa
D:5:      kennysheep_mini, serial_shops, nicolae_shop_stone, first_ration

Skill      XL: |  1  2  3  4  5 |
---------------+----------------+-----
Fighting       | 4 |  4.8
Armour         | 4 |  4.6
Shields        | 4 |  4.6
Axes           | 3 4 |  4.2
Dodging        | 1 |  1.7

Action                   |  1- 3 |  4- 6 || total
-------------------------+-------+-------++-------
Melee: War axe           |    62 |    70 ||   132
       Headbutt          |     6 |     6 ||    12
  Use: Potion            |       |     8 ||     8
Armor: Scale mail        |    25 |    39 ||    64
       Skin              |       |    17 ||    17
Dodge: Dodged            |    18 |    24 ||    42
Block: Shield            |    33 |    37 ||    70

Table legend:
 A = Spawn XP
 B = Non-spawn XP
 C = Spawn XP percentage of total XP
 D = Spawn monster count
 E = Non-spawn monster count
 F = Spawn count percentage of total count
 G = Total turns spent on level
                    A         B        C        D         E        F      G
               +---------+---------+-------+---------+---------+-------+---------
         Total |       0 |     302 |   0.0 |       0 |      38 |   0.0 |   697
               +---------+---------+-------+---------+---------+-------+---------
           D:1 |       0 |      15 |   0.0 |       0 |       8 |   0.0 |   120
           D:2 |       0 |       1 |   0.0 |       0 |       1 |   0.0 |    31
           D:3 |       0 |       8 |   0.0 |       0 |       4 |   0.0 |   181
           D:4 |       0 |     278 |   0.0 |       0 |      25 |   0.0 |   357
               +---------+---------+-------+---------+---------+-------+---------
